MLB
LOS ANGELES DODGERS @ SAN DIEGO PADRES
07/01/2098
 
TOP OF THE 1ST
Los Angeles Dodgers batting - Pitching for San Diego Padres : LHP Bryant Miller
Pitching: LHP Bryant Miller
Batting: RHB Bryan Uplinger 0-0: Swinging Strike
0-1: Bunt for hit to 13S - play at first, batter safe!
Batting: RHB Dan Boyd 0-0: Ball
Bryan Uplinger steals 2nd base
1-0: Ball
2-0: Ball
3-0: Called Strike
3-1: Ground out 1-3 (Groundball, 13S, EV 70.0 MPH)
Bryan Uplinger to third
Batting: RHB John Spohn 0-0: 2-RUN HOME RUN (Flyball, 9D, EV 96.9 MPH), Distance : 360 ft
Batting: RHB Victor Salinas 0-0: Called Strike
0-1: Called Strike
0-2: Foul Ball, location: 5SF
0-2: Strikes out swinging
Batting: LHB Greg Thompson 0-0: Ball
1-0: Ball
2-0: Ground out 4-3 (Groundball, 4, EV 91.3 MPH)
Top of the 1st over - 2 runs, 2 hits, 0 errors, 0 left on base; Los Angeles 2 - San Diego 0
BOTTOM OF THE 1ST
San Diego Padres batting - Pitching for Los Angeles Dodgers : LHP Mike Milillo
Pitching: LHP Mike Milillo
Batting: RHB Alfredo Beltran 0-0: Swinging Strike
0-1: Swinging Strike
0-2: SINGLE (Line Drive, 89M, EV 91.3 MPH)
Batting: RHB Jose Barillas 0-0: Ball
1-0: Ball
2-0: 2-RUN HOME RUN (Flyball, 8RXD, EV 113.8 MPH), Distance : 470 ft
Batting: RHB Chris Santos 0-0: SOLO HOME RUN (Line Drive, 9D, EV 100.0 MPH), Distance : 385 ft
Batting: RHB Tony Woody 0-0: TRIPLE (Flyball, 89XD, EV 93.1 MPH)
Batting: RHB Anibal Araldes 0-0: Foul Ball, location: 2F
0-1: Called Strike
0-2: Ball
1-2: Fly out, F8 (Flyball, 8LS, EV 93.1 MPH)
Batting: RHB Pat Holland 0-0: Ball
1-0: Called Strike
1-1: Ball
2-1: Foul Ball, location: 23FF
2-2: Strikes out swinging
Batting: RHB Colby Krant 0-0: Ball
1-0: 2-RUN HOME RUN (Flyball, 9D, EV 98.8 MPH), Distance : 374 ft
Batting: RHB Bill Carlisle 0-0: Ball
1-0: Called Strike
1-1: Foul Ball, location: 25F
1-2: Foul Ball, location: 5F
1-2: Strikes out swinging, 2-3 out at first.
Bottom of the 1st over - 5 runs, 5 hits, 0 errors, 0 left on base; Los Angeles 2 - San Diego 5
TOP OF THE 2ND
Los Angeles Dodgers batting - Pitching for San Diego Padres : LHP Bryant Miller
Batting: RHB Luis Lozada 0-0: Called Strike
0-1: Ball
1-1: Ball
2-1: Foul Ball, location: 2F
2-2: Ball
3-2: Strikes out swinging
Batting: SHB Freddie Mitchell 0-0: Ball
1-0: Ground out 4-3 (Groundball, 4, EV 91.9 MPH)
Batting: RHB Ron Ascencio 0-0: Ball
1-0: Called Strike
1-1: Ball
2-1: Foul Ball, location: 9LDF
2-2: Ball
3-2: Strikes out swinging
Top of the 2nd over - 0 runs, 0 hits, 0 errors, 0 left on base; Los Angeles 2 - San Diego 5
BOTTOM OF THE 2ND
San Diego Padres batting - Pitching for Los Angeles Dodgers : LHP Mike Milillo
Batting: LHB R.J. Correll 0-0: Ball
1-0: Foul Ball, location: 9LSF
1-1: Swinging Strike
1-2: Ball
2-2: Fly out, F7 (Line Drive, 7, EV 90.6 MPH)
Batting: RHB Alfredo Beltran 0-0: Swinging Strike
0-1: Ball
1-1: Ball
2-1: Ball
3-1: SINGLE (Groundball, 15S, EV 67.5 MPH) (infield hit)
Pitching: RHP David Dzik
Batting: RHB Jose Barillas 0-0: Called Strike
0-1: Called Strike
0-2: 2-RUN HOME RUN (Flyball, 78XD, EV 97.5 MPH), Distance : 385 ft
Batting: RHB Chris Santos 0-0: Foul Ball, location: 9LSF
0-1: Ball
1-1: Foul Ball, location: 23F
1-2: Ball
2-2: Fly out, F7 (Flyball, 78M, EV 94.4 MPH)
Batting: RHB Tony Woody 0-0: Foul Ball, location: 5F
0-1: Ball
1-1: DOUBLE (Line Drive, 3D, EV 98.8 MPH)
Batting: RHB Anibal Araldes 0-0: Called Strike
0-1: Foul Ball, location: 2RF
0-2: Foul Ball, location: 7LDF
0-2: Ball
1-2: Foul Ball, location: 2F
1-2: Foul Ball, location: 9LMF
1-2: Foul Ball, location: 9LMF
1-2: Ball
2-2: Fly out, F8 (Flyball, 8LM, EV 90.6 MPH)
Bottom of the 2nd over - 2 runs, 3 hits, 0 errors, 1 left on base; Los Angeles 2 - San Diego 7
TOP OF THE 3RD
Los Angeles Dodgers batting - Pitching for San Diego Padres : LHP Bryant Miller
Batting: SHB Jason Avsar 0-0: Ball
1-0: Ball
2-0: Called Strike
2-1: Foul Ball, location: 23F
2-2: Strikes out swinging
Pitching: LHP Robert Bartos
Batting: RHB Bryan Uplinger 0-0: Ground out 4-3 (Groundball, 4, EV 101.3 MPH)
Batting: RHB Dan Boyd 0-0: Foul Ball, location: 2F
0-1: Swinging Strike
0-2: Strikes out looking
Top of the 3rd over - 0 runs, 0 hits, 0 errors, 0 left on base; Los Angeles 2 - San Diego 7
BOTTOM OF THE 3RD
San Diego Padres batting - Pitching for Los Angeles Dodgers : RHP David Dzik
Batting: RHB Pat Holland 0-0: Ball
1-0: Called Strike
1-1: Foul Ball, location: 9LDF
1-2: Ball
2-2: Foul Ball, location: 2F
2-2: Ball
3-2: Foul Ball, location: 7LMFF
3-2: Foul Ball, location: 9LSF
3-2: Base on Balls
Batting: RHB Colby Krant 0-0: Swinging Strike
0-1: Ball
1-1: Ball
2-1: Fly out, F7 (Flyball, 7S, EV 91.9 MPH)
Batting: RHB Bill Carlisle 0-0: Foul Ball, location: 3SF
0-1: Swinging Strike
0-2: Strikes out looking
Batting: LHB R.J. Correll 0-0: DOUBLE (Flyball, 8RXD, EV 96.3 MPH)
Pat Holland to third
Runner from 3rd tries for Home, SAFE, no throw by CF
Batting: RHB Alfredo Beltran 0-0: Ball
1-0: 2-RUN HOME RUN (Flyball, 78XD, EV 94.4 MPH), Distance : 379 ft
Pitching: RHP David Revis
Batting: RHB Jose Barillas 0-0: Ball
1-0: Foul Ball, location: 5DF
1-1: Swinging Strike
1-2: Ball
2-2: Ball
3-2: Strikes out swinging
Bottom of the 3rd over - 3 runs, 2 hits, 0 errors, 0 left on base; Los Angeles 2 - San Diego 10
TOP OF THE 4TH
Los Angeles Dodgers batting - Pitching for San Diego Padres : LHP Robert Bartos
Batting: RHB John Spohn 0-0: Called Strike
0-1: Called Strike
0-2: Strikes out looking
Batting: RHB Victor Salinas 0-0: Ball
1-0: Called Strike
1-1: Foul Ball, location: 3F
1-2: Ball
2-2: Ball
3-2: Foul Ball, location: 5FF
3-2: Ground out 4-3 (Groundball, 4S, EV 65.0 MPH)
Batting: LHB Greg Thompson 0-0: Ball
1-0: Fly out, F8 (Line Drive, 78M, EV 94.4 MPH)
Top of the 4th over - 0 runs, 0 hits, 0 errors, 0 left on base; Los Angeles 2 - San Diego 10
BOTTOM OF THE 4TH
San Diego Padres batting - Pitching for Los Angeles Dodgers : RHP David Revis
Batting: RHB Chris Santos 0-0: Called Strike
0-1: Foul Ball, location: 2F
0-2: Ball
1-2: Ball
2-2: Fly out, F7 (Flyball, 7, EV 89.4 MPH)
Batting: RHB Tony Woody 0-0: Ground out 5-3 (Groundball, 56, EV 84.4 MPH)
Batting: RHB Anibal Araldes 0-0: Called Strike
0-1: Ball
1-1: Ground out 6-3 (Groundball, 6D, EV 97.5 MPH)
Bottom of the 4th over - 0 runs, 0 hits, 0 errors, 0 left on base; Los Angeles 2 - San Diego 10
TOP OF THE 5TH
Los Angeles Dodgers batting - Pitching for San Diego Padres : LHP Robert Bartos
Batting: RHB Luis Lozada 0-0: SINGLE (Line Drive, 34D, EV 106.9 MPH)
Batting: SHB Freddie Mitchell 0-0: Swinging Strike
0-1: Ball
1-1: Ball
2-1: Foul Ball, location: 3F
2-2: Fielders Choice at 2nd, 3-6 (Groundball, 34, EV 85.6 MPH)
Batting: RHB Ron Ascencio 0-0: Foul Ball, location: 2F
0-1: Called Strike
0-2: Ball
1-2: Ball
2-2: Ball
3-2: Strikes out swinging
Pinch Hitting: LHB Joel Holden 0-0: Ground out 4-3 (Groundball, 4, EV 106.9 MPH)
Top of the 5th over - 0 runs, 1 hit, 0 errors, 1 left on base; Los Angeles 2 - San Diego 10
BOTTOM OF THE 5TH
San Diego Padres batting - Pitching for Los Angeles Dodgers : RHP David Revis
Now at SS: Raul Gallegos
Batting: RHB Pat Holland 0-0: Ball
1-0: Fly out, F9 (Flyball, 89D, EV 86.9 MPH)
Batting: RHB Colby Krant 0-0: Ball
1-0: Foul Ball, location: 2F
1-1: Foul Ball, location: 2F
1-2: Ball
2-2: Foul Ball, location: 9LDF
2-2: Ball
3-2: Ground out 5-3 (Groundball, 56, EV 105.6 MPH)
Batting: RHB Bill Carlisle 0-0: Ball
1-0: Ground out 1-3 (Groundball, P, EV 66.3 MPH)
Bottom of the 5th over - 0 runs, 0 hits, 0 errors, 0 left on base; Los Angeles 2 - San Diego 10
TOP OF THE 6TH
Los Angeles Dodgers batting - Pitching for San Diego Padres : LHP Robert Bartos
Pitching: RHP George Hulings
Batting: RHB Bryan Uplinger 0-0: Called Strike
0-1: Ball
1-1: Foul Ball, location: 3DF
1-2: Ball
2-2: Ground out 6-3 (Groundball, 6, EV 89.4 MPH)
Batting: RHB Dan Boyd 0-0: Called Strike
0-1: Foul Ball, location: 2F
0-2: Ball
1-2: Ball
2-2: Strikes out swinging
Batting: RHB John Spohn 0-0: Ball
1-0: Ball
2-0: Foul Ball, location: 9LDF
2-1: Foul Ball, location: 2F
2-2: Ground out 5-3 (Groundball, 5S, EV 91.3 MPH)
Top of the 6th over - 0 runs, 0 hits, 0 errors, 0 left on base; Los Angeles 2 - San Diego 10
BOTTOM OF THE 6TH
San Diego Padres batting - Pitching for Los Angeles Dodgers : RHP David Revis
Batting: LHB R.J. Correll 0-0: Called Strike
0-1: Ball
1-1: Called Strike
1-2: Ball
2-2: Strikes out swinging
Batting: RHB Alfredo Beltran 0-0: Foul Ball, location: 9LDF
0-1: Ball
1-1: Ball
2-1: Fly out, F4 (Popup, 3S, EV 75.6 MPH)
Batting: RHB Jose Barillas 0-0: Fly out, F9 (Flyball, 9, EV 95.6 MPH)
Bottom of the 6th over - 0 runs, 0 hits, 0 errors, 0 left on base; Los Angeles 2 - San Diego 10
TOP OF THE 7TH
Los Angeles Dodgers batting - Pitching for San Diego Padres : RHP George Hulings
Batting: RHB Victor Salinas 0-0: Ball
1-0: Called Strike
1-1: Called Strike
1-2: Strikes out swinging
Batting: LHB Greg Thompson 0-0: Called Strike
0-1: Foul Ball, location: 3FF
0-2: Foul Ball, location: 2F
0-2: Ball
1-2: Foul Ball, location: 2F
1-2: Fly out, F5 (Popup, 5SF, EV 68.1 MPH)
Batting: RHB Luis Lozada 0-0: Foul Ball, location: 2F
0-1: Ball
1-1: Fly out, F9 (Flyball, 9S, EV 96.3 MPH)
Top of the 7th over - 0 runs, 0 hits, 0 errors, 0 left on base; Los Angeles 2 - San Diego 10
BOTTOM OF THE 7TH
San Diego Padres batting - Pitching for Los Angeles Dodgers : RHP David Revis
Batting: RHB Chris Santos 0-0: Ball
1-0: Ball
2-0: Called Strike
2-1: Ball
3-1: Called Strike
3-2: Foul Ball, location: 25F
3-2: Foul Ball, location: 3F
3-2: Strikes out looking
Pitching: LHP Alex Alcerro
Batting: RHB Tony Woody 0-0: Ball
1-0: Foul Ball, location: 9LSF
1-1: Ground out 5-3 (Groundball, 5S, EV 89.4 MPH)
Batting: RHB Anibal Araldes 0-0: Called Strike
0-1: Ball
1-1: Ball
2-1: Foul Ball, location: 9LDF
2-2: Ball
3-2: Strikes out swinging
Bottom of the 7th over - 0 runs, 0 hits, 0 errors, 0 left on base; Los Angeles 2 - San Diego 10
TOP OF THE 8TH
Los Angeles Dodgers batting - Pitching for San Diego Padres : RHP George Hulings
Batting: SHB Freddie Mitchell 0-0: Ball
1-0: Called Strike
1-1: Ground out 2-3 (Groundball, 15S, EV 75.0 MPH)
Batting: RHB Ron Ascencio 0-0: Ground out 5-3 (Groundball, 56S, EV 63.1 MPH)
Batting: LHB Raul Gallegos 0-0: Foul Ball, location: 2F
0-1: Called Strike
0-2: Foul Ball, location: 7LDF
0-2: SINGLE (Line Drive, 9S, EV 99.4 MPH)
Pitching: RHP Jamal Grasty
Batting: RHB Bryan Uplinger 0-0: Fly out, F4 (Popup, 4MD, EV 51.3 MPH)
Top of the 8th over - 0 runs, 1 hit, 0 errors, 1 left on base; Los Angeles 2 - San Diego 10
BOTTOM OF THE 8TH
San Diego Padres batting - Pitching for Los Angeles Dodgers : LHP Alex Alcerro
Batting: RHB Pat Holland 0-0: Ball
1-0: Called Strike
1-1: Swinging Strike
1-2: Ball
2-2: Strikes out looking
Batting: RHB Colby Krant 0-0: SINGLE (Groundball, 56D, EV 99.4 MPH)
Batting: RHB Bill Carlisle 0-0: Called Strike
0-1: Ball
1-1: Ball
2-1: Foul Ball, location: 2F
2-2: Ball
3-2: Fielders Choice at 2nd, 3-6 (Groundball, 34, EV 84.4 MPH)
Batting: LHB R.J. Correll 0-0: Foul Ball, location: 2F
0-1: Ball
1-1: Ground out U3 (Groundball, 34, EV 105.0 MPH)
Bottom of the 8th over - 0 runs, 1 hit, 0 errors, 1 left on base; Los Angeles 2 - San Diego 10
TOP OF THE 9TH
Los Angeles Dodgers batting - Pitching for San Diego Padres : RHP Jamal Grasty
Batting: RHB Dan Boyd 0-0: Ball
1-0: DOUBLE (Line Drive, 7LS, EV 105.0 MPH)
Batting: RHB John Spohn 0-0: Ball
1-0: Ball
2-0: Foul Ball, location: 5SF
2-1: Foul Ball, location: 23FF
2-2: Strikes out swinging
Batting: RHB Victor Salinas 0-0: Ball
1-0: Swinging Strike
1-1: Foul Ball, location: 9LMF
1-2: Strikes out swinging
Batting: LHB Greg Thompson 0-0: Ball
1-0: Ball
2-0: Fly out, F8 (Flyball, 8RM, EV 85.0 MPH)
Top of the 9th over - 0 runs, 1 hit, 0 errors, 1 left on base; Los Angeles 2 - San Diego 10
Monday, April 8th , 2024 - OOTP Baseball 24.11 Build 85